[Event "Galicia-ch U18 2021"]
[Site "Padron"]
[Date "2021.04.03"]
[Round "6.4"]
[White "Martinez Montes, Juan Manuel"]
[Black "Bringas Gomez, Artai"]
[Result "1/2-1/2"]
[ECO "B02"]
[WhiteElo "1873"]
[BlackElo "2120"]
[Annotator "ChessBase"]
[PlyCount "42"]
[EventDate "2021.04.02"]
[EventType "swiss"]
[EventCountry "ESP"]
[SourceTitle "playchess.com"]
[Source "ChessBase"]
[SourceQuality "1"]
[TimeControl "5400+30"]

1. e4 Nf6 2. Nc3 d6 3. d4 e5 4. Nge2 Nbd7 5. f3 Be7 6. Be3 c6 7. Qd2 O-O 8. g4 Qa5 9. h4 b5 10. Ng3 exd4 11. Bxd4 Ne5 12. Bxe5 dxe5 13. g5 Nd7 14. Nf5 Bb4 15. a3 Nc5 16. Ne7+ Kh8 17. Nxc6 Bxc3 18. Qxc3 Qxc3+ 19. bxc3 Re8 20. Nb4 Bd7 21. c4 a6 1/2-1/2

[Event "Galicia-ch U18 2021"]
[Site "Padron"]
[Date "2021.04.03"]
[Round "6.5"]
[White "Alvarez Pampillon, Antonio"]
[Black "Rey Figueira, Brais"]
[Result "1-0"]
[ECO "D00"]
[WhiteElo "1860"]
[BlackElo "1362"]
[Annotator "NA"]
[PlyCount "91"]
[EventDate "2021.04.02"]
[EventType "swiss"]
[EventCountry "ESP"]
[SourceTitle "playchess.com"]
[Source "ChessBase"]
[SourceQuality "1"]
[TimeControl "5400+30"]

1. d4 d5 2. g3 e6 3. Bg2 c5 4. Nf3 Nc6 5. O-O Qb6 6. c4 Nf6 7. cxd5 Nxd5 8. e4 Nf6 9. d5 Na5 10. Bd2 Bd7 11. Ne5 Bb5 12. Na3 Be7 13. Nxb5 Qxb5 14. Bxa5 Qxa5 15. dxe6 fxe6 16. Qb3 Qa6 17. Nc4 Rd8 18. Rad1 O-O 19. Ne3 Kh8 20. e5 Nd7 21. Bxb7 Qb6 22. Qxb6 Nxb6 23. b3 Rb8 24. Be4 Rfc8 25. Bd3 Rd8 26. Bc4 Nxc4 27. Nxc4 Rd4 28. Rd2 Rbd8 29. Rfd1 Kg8 30. Kg2 Kf7 31. Kf3 Kg6 32. Rxd4 cxd4 33. Ke4 Bc5 34. f4 Rd5 35. f5+ Kf7 36. g4 Rd8 37. Na5 Rd7 38. Nc6 Bb6 39. Nxd4 exf5+ 40. gxf5 Ke7 41. Nc6+ Ke8 42. Rxd7 Kxd7 43. Nb4 Bg1 44. h3 Bh2 45. Kd5 Bg3 46. Nc6 1-0

[Event "Galicia-ch U18 2021"]
[Site "Padron"]
[Date "2021.04.03"]
[Round "6.6"]
[White "Diaz Gomez, Mateo"]
[Black "Rey Chimera, Luca"]
[Result "1-0"]
[ECO "C06"]
[WhiteElo "1776"]
[BlackElo "1639"]
[Annotator "NA"]
[PlyCount "57"]
[EventDate "2021.04.02"]
[EventType "swiss"]
[EventCountry "ESP"]
[SourceTitle "playchess.com"]
[Source "ChessBase"]
[SourceQuality "1"]
[TimeControl "5400+30"]

1. e4 e6 2. d4 d5 3. Nd2 Nf6 4. e5 Nfd7 5. Bd3 c5 6. c3 Nc6 7. Ne2 cxd4 8. cxd4 Qb6 9. Nf3 f6 10. exf6 Nxf6 11. O-O Bd6 12. Bf4 Bxf4 13. Nxf4 O-O 14. Qd2 Ne4 15. Qe3 g5 16. Nh5 g4 17. Bxe4 Qd8 18. Qh6 Qe7 19. Rfe1 gxf3 20. Bxd5 Nxd4 21. Re4 Nf5 22. Bxe6+ Bxe6 23. Rxe6 Nxh6 24. Rxe7 Rac8 25. Rxb7 Rc2 26. gxf3 Rxf3 27. Rd1 Nf7 28. Rb8+ Nd8 29. Rdxd8+ 1-0

[Event "Galicia-ch U18 2021"]
[Site "Padron"]
[Date "2021.04.04"]
[Round "7.4"]
[White "Diaz Gomez, Mateo"]
[Black "Martinez Montes, Juan Manuel"]
[Result "1/2-1/2"]
[ECO "B23"]
[WhiteElo "1776"]
[BlackElo "1873"]
[Annotator "NA RC"]
[PlyCount "85"]
[EventDate "2021.04.02"]
[EventType "swiss"]
[EventCountry "ESP"]
[SourceTitle "playchess.com"]
[Source "ChessBase"]
[SourceQuality "1"]
[TimeControl "5400+30"]

1. e4 c5 2. Nc3 d6 3. d4 cxd4 4. Qxd4 Nc6 5. Qd2 $11 Nf6 6. b3 g6 7. Bb2 Bg7 8. O-O-O a6 9. f3 O-O 10. Kb1 b5 11. g4 Be6 12. g5 Nd7 13. h4 Qa5 14. h5 Rfc8 15. Nd5 Qxd2 16. Rxd2 gxh5 17. Bxg7 Kxg7 18. Rxh5 Bxd5 19. exd5 Nce5 20. Rdh2 Nf8 21. f4 Neg6 22. Ne2 Rc5 23. Bg2 Rac8 24. Be4 e6 25. dxe6 fxe6 26. R5h3 R8c7 27. Bxg6 hxg6 28. Nc1 Rf5 29. Nd3 e5 30. fxe5 dxe5 31. Re3 Rxg5 32. Nxe5 Re7 33. Rhe2 Rf5 34. c4 bxc4 35. bxc4 g5 36. c5 Ng6 37. Nxg6 Rxe3 38. Rxe3 Kxg6 39. Rc3 Rf7 40. c6 Rc7 41. Kc2 Kf5 42. Kd3 Ke5 43. Rc5+ 1/2-1/2

[Event "Galicia-ch U18 2021"]
[Site "Padron"]
[Date "2021.04.04"]
[Round "7.5"]
[White "Bastos Gonzalez, Gonzalo"]
[Black "Alvarez Pampillon, Antonio"]
[Result "0-1"]
[ECO "A04"]
[WhiteElo "1685"]
[BlackElo "1860"]
[Annotator "NA RC"]
[PlyCount "178"]
[EventDate "2021.04.02"]
[EventType "swiss"]
[EventCountry "ESP"]
[SourceTitle "playchess.com"]
[Source "ChessBase"]
[SourceQuality "1"]
[TimeControl "5400+30"]

1. Nf3 g6 2. g3 Bg7 3. d4 Nf6 4. Bg2 O-O 5. O-O d6 6. a4 c5 7. dxc5 dxc5 8. Qxd8 Rxd8 9. a5 Nd5 10. Rd1 Nc6 11. c3 h6 12. Ne1 Be6 13. Nd3 Nc7 14. Re1 Na6 15. Be3 Bd5 16. Bh3 Be4 17. Nxc5 Nxc5 18. Bxc5 b6 19. axb6 axb6 20. Rxa8 Rxa8 21. Ba3 Rd8 22. Bg2 Bxg2 23. Kxg2 e6 24. Rc1 Na5 25. c4 Nb3 26. Rc2 Rc8 27. e3 Na1 28. Rc1 Nb3 29. Rd1 Rxc4 30. Rd6 b5 31. Rb6 Rc2 32. Rxb5 Nc1 33. Rc5 Rxc5 34. Bxc5 Bxb2 35. Ba3 Bxa3 36. Nxa3 Nd3 37. Nc4 Kg7 38. e4 Kf6 39. Kf3 g5 40. Ke3 Nc5 41. f3 h5 42. e5+ Kf5 43. Nd6+ Kg6 44. Ne4 Nd7 45. f4 g4 46. Kd4 Kf5 47. Nd6+ Kg6 48. Ne4 Kg7 49. Ke3 Kg6 50. Kd4 Nb6 51. Nd6 Nd7 52. Ne4 Nb8 53. Ng5 Nc6+ 54. Kc5 Nxe5 55. Nxe6 Nf3 56. Nd4 Nxh2 57. Ne2 Nf1 58. Kd4 Kf5 59. Kd3 f6 60. Kd4 Nd2 61. Ke3 Nb3 62. Kf2 Nc5 63. Ke3 Ne6 64. Nc3 h4 65. gxh4 Nxf4 66. Kf2 Nh5 67. Nd5 Ke5 68. Ne3 f5 69. Ng2 f4 70. Ne1 Ke4 71. Kg2 Nf6 72. Kf2 Nd5 73. h5 Kf5 74. h6 Kg6 75. h7 Kxh7 76. Nd3 Kg6 77. Ne5+ Kf5 78. Nf7 Nc3 79. Nh6+ Kg5 80. Nf7+ Kh4 81. Ne5 Kh3 82. Nd3 Nd5 83. Ne1 Nb4 84. Ng2 Nd3+ 85. Kf1 g3 86. Kg1 f3 87. Ne3 Nc1 88. Kh1 g2+ 89. Nxg2 fxg2+ 0-1

[Event "Galicia-ch U18 2021"]
[Site "Padron"]
[Date "2021.04.04"]
[Round "7.6"]
[White "Reboredo Martinez, Claudio"]
[Black "Reza Salgado, Miguel"]
[Result "1-0"]
[ECO "B01"]
[WhiteElo "1880"]
[BlackElo "1718"]
[Annotator "NA RC"]
[PlyCount "113"]
[EventDate "2021.04.02"]
[EventType "swiss"]
[EventCountry "ESP"]
[SourceTitle "playchess.com"]
[Source "ChessBase"]
[SourceQuality "1"]
[TimeControl "5400+30"]

1. e4 d5 2. exd5 Qxd5 3. Nc3 Qd6 4. Bc4 Nf6 $14 5. Nge2 c6 6. d3 Bf5 7. Ng3 Bg6 8. h4 h5 9. Qf3 e6 10. Bg5 Nbd7 11. O-O-O Qc7 12. Rhe1 O-O-O 13. Nge4 Bf5 14. Qe3 Qa5 15. Qg3 Be7 16. Nd6+ Bxd6 17. Qxd6 Nb6 18. Qf4 Nxc4 19. Qxc4 Rd7 20. Ne4 Bxe4 21. dxe4 Rhd8 22. Bxf6 gxf6 23. c3 f5 24. Rxd7 Rxd7 25. a3 Qe5 26. Qe2 Qf4+ 27. Qe3 Qxe3+ 28. Rxe3 fxe4 29. Rxe4 Kd8 30. c4 Ke7 31. Kc2 f5 32. Re3 Rd4 33. Rb3 b6 34. c5 Rc4+ 35. Rc3 Rxc3+ 36. Kxc3 bxc5 37. Kc4 Kd6 38. f4 e5 39. fxe5+ Kxe5 40. Kxc5 Kf4 41. Kxc6 Kg3 42. Kd5 Kxh4 43. Ke5 Kg4 44. b4 f4 45. a4 f3 46. gxf3+ Kxf3 47. b5 h4 48. a5 h3 49. b6 axb6 50. a6 h2 51. a7 Kf2 52. a8=Q Kg1 53. Qg8+ Kf2 54. Qh7 Kg2 55. Qc2+ Kg1 56. Kf4 h1=Q 57. Kg3 1-0

[Event "Galicia-ch U18 2021"]
[Site "Padron"]
[Date "2021.04.04"]
[Round "8.1"]
[White "Rodriguez Ferreiros, Andres"]
[Black "Ferreno Sanmartin, Angel"]
[Result "1-0"]
[ECO "C90"]
[WhiteElo "2123"]
[BlackElo "2152"]
[Annotator "NA"]
[PlyCount "87"]
[EventDate "2021.04.02"]
[EventType "swiss"]
[EventCountry "ESP"]
[SourceTitle "playchess.com"]
[Source "ChessBase"]
[SourceQuality "1"]
[TimeControl "5400+30"]

1. e4 e5 2. Nf3 Nc6 3. Bb5 a6 4. Ba4 Nf6 5. d3 b5 6. Bb3 Be7 7. O-O O-O 8. Re1 d6 9. c3 Na5 10. Bc2 c5 11. d4 exd4 12. cxd4 Bg4 13. Nbd2 cxd4 $11 14. h3 Bh5 15. g4 d3 16. Bxd3 Bg6 17. Bf1 Rc8 18. Nd4 d5 19. e5 Ne4 20. Nxe4 dxe4 21. Nf5 Bxf5 22. gxf5 Qxd1 23. Rxd1 Nc4 24. Rd7 Bh4 25. Bxc4 Rxc4 26. Be3 Re8 27. Rad1 h6 28. R1d5 Re7 29. Rd8+ Kh7 30. Ra8 Rec7 31. Rxa6 b4 32. b3 Rc2 33. Rd4 Re2 34. Rc4 Rd7 35. Kf1 Rb2 36. Rxe4 Be7 37. f6 gxf6 38. exf6 Bd8 39. Rxb4 Rd1+ 40. Kg2 Rd3 41. Kf3 h5 42. Rb5 Kg6 43. Rg5+ Kh6 44. Rd5+ 1-0

[Event "Galicia-ch U18 2021"]
[Site "Padron"]
[Date "2021.04.04"]
[Round "8.2"]
[White "Alvarez Pampillon, Antonio"]
[Black "Bringas Gomez, Artai"]
[Result "1/2-1/2"]
[ECO "A00"]
[WhiteElo "1860"]
[BlackElo "2120"]
[Annotator "ChessBase"]
[PlyCount "63"]
[EventDate "2021.04.02"]
[EventType "swiss"]
[EventCountry "ESP"]
[SourceTitle "playchess.com"]
[Source "ChessBase"]
[SourceQuality "1"]
[TimeControl "5400+30"]

1. g3 d5 2. c4 c6 3. Bg2 e5 4. cxd5 cxd5 5. d4 e4 6. Nh3 Nc6 7. O-O Qb6 8. Nc3 Be6 9. Nf4 Nf6 10. e3 Be7 11. Bd2 O-O 12. Na4 Qd8 13. Nxe6 fxe6 14. Nc5 Bxc5 15. dxc5 Nd7 16. b4 Nce5 17. f3 Nxf3+ 18. Bxf3 exf3 19. Bc3 Qg5 20. Rxf3 Rxf3 21. Qxf3 Rf8 22. Qe2 Ne5 23. Rf1 Rxf1+ 24. Kxf1 Qf5+ 25. Kg1 Nf3+ 26. Kg2 Ng5 27. Kg1 Qe4 28. h4 d4 29. Bxd4 Nf3+ 30. Kf2 Nxd4 31. exd4 Qxd4+ 32. Qe3 1/2-1/2

[Event "Galicia-ch U18 2021"]
[Site "Padron"]
[Date "2021.04.04"]
[Round "8.3"]
[White "Buitron Ramil, David"]
[Black "Diaz Gomez, Mateo"]
[Result "1/2-1/2"]
[ECO "B33"]
[WhiteElo "1934"]
[BlackElo "1776"]
[Annotator "ChessBase"]
[PlyCount "32"]
[EventDate "2021.04.02"]
[EventType "swiss"]
[EventCountry "ESP"]
[SourceTitle "playchess.com"]
[Source "ChessBase"]
[SourceQuality "1"]
[TimeControl "5400+30"]

1. e4 c5 2. Nf3 Nc6 3. d4 cxd4 4. Nxd4 Nf6 5. Nc3 e5 6. Ndb5 d6 7. Bg5 a6 8. Na3 b5 9. Bxf6 gxf6 10. Nd5 Bg7 11. c3 f5 12. exf5 Bxf5 13. Nc2 O-O 14. Nce3 Be6 15. Bd3 f5 16. Qh5 e4 1/2-1/2

[Event "Galicia-ch U18 2021"]
[Site "Padron"]
[Date "2021.04.04"]
[Round "8.4"]
[White "Martinez Montes, Juan Manuel"]
[Black "Perez Dapoza, Cesar"]
[Result "1-0"]
[ECO "B43"]
[WhiteElo "1873"]
[BlackElo "1885"]
[Annotator "NA"]
[PlyCount "49"]
[EventDate "2021.04.02"]
[EventType "swiss"]
[EventCountry "ESP"]
[SourceTitle "playchess.com"]
[Source "ChessBase"]
[SourceQuality "1"]
[TimeControl "5400+30"]

1. e4 c5 2. Nf3 e6 3. d4 cxd4 4. Nxd4 a6 $11 5. Nc3 b5 6. g4 b4 7. Nce2 Bb7 8. Bg2 Nf6 9. Ng3 Nc6 10. g5 Ng8 11. O-O Be7 12. Nxc6 Bxc6 13. Nh5 g6 14. Qd4 f6 15. Nxf6+ Nxf6 16. gxf6 Bxf6 17. Qxb4 Rb8 18. Qd6 Rb5 19. c4 Be5 20. Qd3 Rb7 21. Rb1 O-O 22. f4 Bg7 23. b4 d5 24. exd5 exd5 25. b5 1-0

[Event "Galicia-ch U18 2021"]
[Site "Padron"]
[Date "2021.04.04"]
[Round "8.5"]
[White "Gonzalez Taboada, Lorenzo"]
[Black "Reboredo Martinez, Claudio"]
[Result "0-1"]
[ECO "B71"]
[WhiteElo "1609"]
[BlackElo "1880"]
[Annotator "NA"]
[PlyCount "154"]
[EventDate "2021.04.02"]
[EventType "swiss"]
[EventCountry "ESP"]
[SourceTitle "playchess.com"]
[Source "ChessBase"]
[SourceQuality "1"]
[TimeControl "5400+30"]

1. e4 c5 2. Nf3 d6 3. d4 cxd4 4. Nxd4 Nf6 5. Nc3 g6 6. f4 Nc6 $11 7. Nf3 Bg7 8. Bd3 O-O 9. O-O a6 10. a4 Nb4 11. Kh1 Nxd3 12. Qxd3 Nd7 13. Bd2 Nc5 14. Qe2 a5 15. Rfd1 Bd7 16. b3 Bc6 17. Rac1 Bxc3 18. Bxc3 Nxe4 19. Bd4 Qd7 20. Qe3 Qg4 21. Re1 Rae8 22. Re2 Nf6 23. Ng5 Nh5 24. Rf2 h6 25. Qh3 Qxh3 26. Nxh3 Ng7 27. Re2 Nf5 28. Bb2 Rc8 29. Nf2 h5 30. Nd1 b5 31. axb5 Bxb5 32. c4 Bd7 33. Ne3 Nxe3 34. Rxe3 Be6 35. Ra1 Ra8 36. Kg1 Rfb8 37. Ra4 Kf8 38. Bc3 Rb7 39. Rxa5 Rab8 40. Ra3 Rxb3 41. Rxb3 Rxb3 42. Bg7+ Kxg7 43. Rxb3 Bxc4 44. Rc3 Bd5 45. Kf2 Kf6 46. Rd3 Be4 47. Ra3 d5 48. g3 g5 49. Ke3 gxf4+ 50. gxf4 Bg6 51. Ra4 Kf5 52. Kf3 f6 53. Ra5 e6 54. Rb5 Be8 55. Ra5 e5 56. fxe5 fxe5 57. Ra8 Bg6 58. Ra5 d4 59. Rc5 Bf7 60. Ra5 Bb3 61. Rb5 Bd1+ 62. Kf2 Kf4 63. Rb4 Ke4 64. Rb5 Ba4 65. Rb4 Bc2 66. Rb5 Bd3 67. Rb8 Bc4 68. Rc8 Kd3 69. Rc5 e4 70. Rxh5 Kd2 71. Rc5 e3+ 72. Kf3 Be2+ 73. Kg2 d3 74. h4 Bg4 75. Ra5 e2 76. Ra2+ Ke3 77. Ra1 d2 0-1

[Event "Galicia-ch U18 2021"]
[Site "Padron"]
[Date "2021.04.04"]
[Round "8.6"]
[White "Sanroman Costas, Mauro"]
[Black "Bastos Gonzalez, Gonzalo"]
[Result "1-0"]
[ECO "B34"]
[WhiteElo "1784"]
[BlackElo "1685"]
[Annotator "NA"]
[PlyCount "79"]
[EventDate "2021.04.02"]
[EventType "swiss"]
[EventCountry "ESP"]
[SourceTitle "playchess.com"]
[Source "ChessBase"]
[SourceQuality "1"]
[TimeControl "5400+30"]

1. e4 c5 2. Nf3 Nc6 3. d4 cxd4 4. Nxd4 Nf6 5. Nc3 e5 6. Ndb5 d6 7. Nd5 Nxd5 8. exd5 Nb8 9. Qf3 Be7 10. Qc3 Na6 11. Be3 O-O 12. Be2 f5 13. f4 exf4 14. Bxf4 Nc5 15. O-O Bd7 16. Nxd6 Bxd6 17. Bxd6 Ne4 18. Qc7 Qxc7 19. Bxc7 Rac8 20. d6 Nf6 21. Bf3 b6 22. Rfe1 Rfe8 23. b4 b5 24. a4 bxa4 25. c4 Rxe1+ 26. Rxe1 Re8 27. Ra1 Re3 28. c5 Ne4 29. Bxe4 fxe4 30. Rc1 Rd3 31. c6 Be6 32. b5 a3 33. Ra1 a2 34. Rxa2 Bxa2 35. d7 Bc4 36. Bd6 Rxd6 37. c7 Rd1+ 38. Kf2 Rd2+ 39. Ke1 e3 40. d8=Q+ 1-0